 Dungeon Crawl Stone Soup version 0.21-b1-23-g1fb0a74 (webtiles) character file.

892 myopia the Firebug (level 7, 0/36 HPs)
             Began as a Deep Elf Fire Elementalist on Jan 5, 2018.
             Slain by a hornet zombie (7 damage)
             ... in an ossuary.
             The game lasted 00:35:25 (6051 turns).

myopia the Firebug (Deep Elf Fire Elementalist)     Turns: 6051, Time: 00:35:26

Health: 0/36       AC:  6    Str:  5    XL:     7   Next: 78%
Magic:  6/13       EV: 13    Int: 22    God:
Gold:   176        SH:  6    Dex: 15    Spells: 0/12 levels left

rFire    . . .     SeeInvis .   p - +6 short sword (drain)
rCold    . . .     Gourm    .   (no shield)
rNeg     . . .     Faith    .   a - +0 robe
rPois    .         Spirit   .   q - +2 helmet
rElec    .         Reflect  +   j - +0 cloak
rCorr    .         Harm     .   (no gloves)
MR       .....                  (no boots)
Stlth    ++........             t - +6 amulet of reflection
HPRegen  0.12/turn              (no ring)
MPRegen  0.13/turn              (no ring)

@: no status effects
A: no striking features
a: no special abilities


You were in an ossuary.
You were not hungry.

You visited 2 branches of the dungeon, and saw 6 of its levels.
You also visited: Ossuary.

You collected 176 gold pieces.

Inventory:

Hand Weapons
 e - a +3 blowgun
 o - a +2 hand axe of chopping
 p - a +6 short sword of draining (weapon)
Missiles
 h - 22 poisoned needles
Armour
 a - a +0 robe (worn)
 j - a +0 cloak (worn)
 q - a +2 helmet (worn)
Magical Staves
 k - an uncursed staff of energy
Jewellery
 m - an uncursed ring of teleportation
 t - a +6 amulet of reflection (around neck)
Wands
 f - a wand of flame (21)
Scrolls
 g - 4 scrolls of remove curse
 i - 2 scrolls of amnesia {unknown}
 u - a scroll of fear {unknown}
 w - 3 scrolls of identify {unknown}
Potions
 d - 2 potions of might
 l - a potion of lignification
 r - a potion of heal wounds
 s - a potion of curing {unknown}
 x - a potion of agility {unknown}
Books
 b - a book of Flames

   Spells                             Type                      Level
   a - Flame Tongue                   Conjuration/Fire             1
   b - Throw Flame                    Conjuration/Fire             2
   c - Conjure Flame                  Conjuration/Fire             3
   d - Inner Flame                    Hexes/Fire                   3
   e - Sticky Flame                   Conjuration/Fire             4
   f - Fireball                       Conjuration/Fire             5
 n - a book of Maledictions

   Spells                             Type                      Level
   a - Corona                         Hexes                        1
   b - Ensorcelled Hibernation        Hexes/Ice                    2
   c - Confuse                        Hexes                        3
   d - Tukima's Dance                 Hexes                        3
   e - Dazzling Spray                 Conjuration/Hexes            3
Comestibles
 c - 7 rations
 v - 4 chunks of flesh


   Skills:
 - Level 2.4 Dodging
 - Level 2.4 Stealth
 - Level 3.0 Spellcasting
 + Level 6.9 Conjurations
 + Level 7.6 Fire Magic


You couldn't memorise any spells.
You knew the following spells:

 Your Spells              Type           Power        Failure   Level  Hunger
a - Flame Tongue          Conj/Fire      #####        1%          1    None
b - Throw Flame           Conj/Fire      #####.       1%          2    ##.....
c - Sticky Flame          Conj/Fire      #####...     6%          4    ####...
d - Fireball              Conj/Fire      #####.....   17%         5    ######.


Dungeon Overview and Level Annotations

Branches:
Dungeon (5/15)             Temple (1/1) D:4

Altars:
Ashenzari
Cheibriados
Dithmenos
Elyvilon
Fedhas
Gozag
Hepliaklqana
Kikubaaqudgha
Makhleb
Nemelex Xobeh
Okawaru
Qazlal
Ru
Sif Muna
Trog
Uskayaw
Wu Jian
Xom
Yredelemnul
Zin
The Shining One

Annotations:
D:4 Grinder


Message History

Aiming: Flame Tongue
Press: ? - help, Shift-Dir - straight line, f/p - hornet zombie
Aim: a hornet zombie (moderately damaged)
The flame tongue hits the hornet zombie.
The hornet zombie is heavily damaged.
The hornet zombie hits you!
* * * LOW HITPOINT WARNING * * *
Casting: Flame Tongue
Confirm with . or Enter, or press ? or * to list all spells.
Aiming: Flame Tongue
Press: ? - help, Shift-Dir - straight line, f/p - hornet zombie
Aim: a hornet zombie (heavily damaged)
The flame tongue hits the hornet zombie.
The hornet zombie is severely damaged.
The hornet zombie hits you.
* * * LOW HITPOINT WARNING * * *
You completely miss the hornet zombie.
The hornet zombie is severely damaged.
The hornet zombie hits you!
You die...

## # #≈
#≈##≈
≈≈
#≈≈≈##≈
#.≈.#P
#≈≈≈≈
≈≈≈
##'##
#.Z.#
#.@.#
#..∩#
#####


You could see a hornet zombie.

Vanquished Creatures
  2 ogres
  A necrophage (D:5)
  2 orc priests (D:4)
  2 hounds (D:4)
  4 mummies (Ossuary)
  An orc wizard (D:2)
  Jessica (D:2)
  An iguana (D:4)
  A hound skeleton (D:4)
  A hound zombie (Ossuary)
  A howler monkey zombie (Ossuary)
  Robin (D:3)
  A worker ant zombie (Ossuary)
  15 adders
  4 gnolls (D:3)
  3 oozes
  An adder skeleton (D:2)
  4 worms
  2 dart slugs
  4 leopard geckos
  8 orcs
  3 ball pythons
  10 bats
  5 giant cockroaches
  16 goblins
  8 hobgoblins
  3 jackals (D:2)
  3 quokkas
  7 frilled lizards
  4 kobolds (D:3)
  9 rats
128 creatures vanquished.

Vanquished Creatures (others)
  A withered plant (Ossuary)
1 creature vanquished.

Grand Total: 129 creatures vanquished

Notes
Turn   | Place    | Note
-------+----------+-------------------------------------------
     0 | D:1      | myopia the Deep Elf Fire Elementalist began the quest for the Orb.
     0 | D:1      | Reached XP level 1. HP: 10/10 MP: 6/6
   161 | D:1      | Reached XP level 2. HP: 15/15 MP: 2/8
   894 | D:1      | Learned a level 2 spell: Throw Flame
   898 | D:2      | Reached skill level 4 in Fire Magic
   898 | D:2      | Reached XP level 3. HP: 19/19 MP: 4/9
  1351 | D:2      | Noticed Jessica
  1353 | D:2      | Killed Jessica
  1353 | D:2      | Reached XP level 4. HP: 24/24 MP: 5/10
  1750 | D:2      | Reached skill level 5 in Fire Magic
  1753 | D:2      | Reached XP level 5. HP: 22/28 MP: 1/11
  2039 | D:2      | Found an ancient bone altar of Kikubaaqudgha.
  2039 | D:2      | Found a glowing silver altar of Zin.
  2347 | D:2      | You fall through a shaft!
  3630 | D:2      | Reached XP level 6. HP: 16/32 MP: 2/12
  3855 | D:3      | Found a glowing golden altar of the Shining One.
  3929 | D:3      | Found a basalt altar of Yredelemnul.
  3948 | D:3      | Noticed Robin
  4219 | D:3      | Killed Robin
  4406 | D:3      | Reached skill level 6 in Fire Magic
  4420 | D:3      | Learned a level 4 spell: Sticky Flame
  4472 | D:4      | Reached skill level 5 in Conjurations
  4899 | D:4      | Reached XP level 7. HP: 34/36 MP: 13/13
  5007 | D:4      | Found a staircase to the Ecumenical Temple.
  5017 | Temple   | Entered the Ecumenical Temple
  5599 | D:4      | Found a shadowy altar of Dithmenos.
  5659 | D:4      | Learned a level 5 spell: Fireball
  5690 | D:4      | Noticed Grinder
  5741 | D:5      | Entered Level 5 of the Dungeon
  5745 | D:5      | Reached skill level 7 in Fire Magic
  5921 | D:5      | Found a hazy altar of Hepliaklqana.
  5955 | D:5      | Found a sand-covered staircase.
  5963 | Ossuary  | Entered an ossuary
  6051 | Ossuary  | Slain by a hornet zombie

Skill      XL: |  1  2  3  4  5  6  7 |
---------------+----------------------+-----
Conjurations   | 2 3 4 5 6 |  6.9
Fire Magic     | 4 5 6 7 |  7.6
Dodging        | |  2.4
Stealth        | |  2.4
Spellcasting   | |  3.0

Action                   |  1- 3 |  4- 6 |  7- 9 || total
-------------------------+-------+-------+-------++-------
Melee: Dagger            |    39 |    16 |       ||    55
       Unarmed           |     3 |       |       ||     3
       Hand axe          |       |    35 |       ||    35
       Short sword       |       |    33 |    39 ||    72
 Cast: Flame Tongue      |    47 |    61 |    21 ||   129
       Throw Flame       |     2 |    64 |     5 ||    71
       Sticky Flame      |       |       |     4 ||     4
  Use: Scroll            |     5 |     4 |       ||     9
       Potion            |       |     3 |       ||     3
 Stab: Sleeping          |     4 |     4 |       ||     8
  Eat: Chunk             |     1 |    14 |     4 ||    19
Armor: Robe              |     7 |    20 |     4 ||    31
Dodge: Dodged            |    41 |    89 |    15 ||   145
Block: Other             |       |       |     9 ||     9
